 Dungeon Crawl Stone Soup version 0.30.0-20-g3615ddf2f0 (webtiles) character file.

Game seed: 12271964235653987340

10618 qw the Cleaver (level 11, -5/69 (71) HPs)
             Began as a Gargoyle Fighter on May 29, 2023.
             Was a Priest of Okawaru.
             Slain by a spectral orc knight
             ... wielding a +0 battleaxe
             ... summoned by Nergalle
              (11 damage)
             ... on level 1 of the Lair of Beasts.
             The game lasted 00:06:52 (10700 turns).

qw the Cleaver (Gargoyle Fighter)                  Turns: 10700, Time: 00:06:53

HP:   -5/69 (71)    AC: 34    Str: 25    XL:     11   Next: 64%
MP:   12/14         EV: 14    Int:  8    God:    Okawaru [***...]
Gold: 194           SH:  6    Dex:  9    Spells: 10/10 levels left

rFire   . . .        e - +0 war axe (protect)
rCold   . . .        c - +0 buckler
rNeg    + . .        j - +0 plate armour
rPois   inf          m - +0 helmet
rElec   +            q - +0 cloak
rCorr   .            (no gloves)
SInv    +            (no boots)
Will    .....        b - amulet of faith Stlth
                     v - +5 ring of evasion
HPRegen 0.31/turn    w - ring of see invisible
MPRegen 0.14/turn

%: faith
@: about to teleport, heroic, under a protective aura, lightly drained
A: sickness immunity, AC +8, negative energy resistance 1, electricity
resistance, torment resistance 1, petrification resistance
a: Renounce Religion, Heroism


You were on level 1 of the Lair of Beasts.
You worshipped Okawaru.
Okawaru was most pleased with you.
You visited 3 branches of the dungeon, and saw 10 of its levels.
You also visited: Sewer and Ossuary.

You collected 328 gold pieces.
You spent 134 gold pieces at shops.


Innate Abilities, Weirdness & Mutations

You are immune to sickness and miasma.
Your stone body is resilient. (AC +8)
You are immune to poison.
You resist negative energy. (rN+)
You are resistant to electric shocks. (rElec)
You are resistant to unholy torment.
You are immune to petrification.


   Skills:
 - Level 9.0(14.0) Fighting
 - Level 12.0(17.0) Axes
 - Level 1.3(6.3) Throwing
 + Level 8.7(13.7) Armour
 - Level 2.0(7.0) Dodging
 - Level 6.1(11.1) Shields
 - Level 4.2 Invocations


You had 10 spell levels left.
You didn't know any spells.
Your spell library was empty.

Inventory:

Hand Weapons
 e - a +0 war axe of protection (weapon)
 u - a +2 morningstar
Armour
 c - a +0 buckler (worn)
 j - a +0 plate armour (worn)
 m - a +0 helmet (worn)
 q - a +0 cloak (worn)
 y - a +0 helmet of see invisible
Jewellery
 a - a ring of protection from fire
 b - an amulet of faith (around neck)
 l - a ring of protection from fire
 v - a +5 ring of evasion (left hand)
 w - a ring of see invisible (right hand)
 z - the amulet "Kuanits" {Rampage rElec Will++ Regen+ Dex-3}
   (You found it on level 8 of the Dungeon)

   [amulet of regeneration]

   Dex:       It affects your dexterity (-3).
   rElec:     It insulates you from electricity.
   Regen:     It increases your rate of health regeneration.
   Rampage:   It bestows one free step when moving towards enemies.
   Will:      It greatly increases your willpower.
 A - a ring of ice
 Y - a +4 ring of protection
Scrolls
 p - a scroll of identify
 x - a scroll of teleportation
Potions
 d - 2 potions of might
 f - 4 potions of haste
 g - a potion of cancellation
 h - 4 potions of curing
 i - 4 potions of lignification
 o - a potion of resistance
 r - a potion of brilliance {unknown}
 s - a potion of magic
 t - a potion of degeneration {unknown}

Dungeon Overview and Level Annotations

Branches:
Dungeon (8/15)             Temple (1/1) D:6            Lair (1/5) D:8
  Sewer (visited)         Ossuary (visited)

Altars:
Ashenzari
Cheibriados
Elyvilon
Fedhas
Gozag
Hepliaklqana
Kikubaaqudgha
Makhleb
Nemelex Xobeh
Okawaru
Qazlal
Ru
Sif Muna
Trog
Uskayaw
Vehumet
Wu Jian
Xom
Yredelemnul
Zin
The Shining One

Shops:
D:4 *([*   D:5 (

Annotations:
D:4 1 runed translucent door, qw's ghost, amateur GrFi
D:7 1 runed translucent door, Crazy Yiuf
Lair:1 exclusion: 2 basilisks, Nergalle; Prince Ribbit


Message History

You block the spectral orc knight's attack.
You block the blink frog's attack.
The spectral orc warlord hits you but does no damage.
Nergalle barely misses you.
You barely miss the spectral orc warlord.
The spectral orc warlord is severely damaged.
You barely miss the blink frog. You slash the spectral orc knight!
You slice the spectral orc knight!! You hit Nergalle but do no damage.
You feel like a meek peon again.
The spectral orc knight hits you but does no damage.
The blink frog hits you.
The spectral orc knight hits you but does no damage.
The spectral orc warlord hits you with a +3 long sword.
Nergalle hits you but does no damage.
10698 ||| INVOKING Heroism.
You gain the combat prowess of a mighty hero.
You can no longer speed up your combat.
The spectral orc knight hits you with a +0 battleaxe.
The blink frog hits you but does no damage.
The spectral orc knight hits you but does no damage.
The spectral orc warlord hits you but does no damage.
Nergalle shouts, "Kill, kill, my pretties!"
Nergalle hits you but does no damage.
The spectral orc knight hits you but does no damage.
You block the blink frog's attack.
10699 ||| READING 2 scrolls of teleportation.
As you read the scroll of teleportation, it crumbles to dust.
You feel strangely unstable.
You block the spectral orc knight's attack.
The spectral orc knight completely misses you.
The blink frog hits you but does no damage.
The spectral orc warlord hits you but does no damage.
Nergalle points at you and mumbles some strange words.
The bolt of negative energy hits you! You partially resist.
You feel drained.
You barely miss the spectral orc knight.
The spectral orc knight is almost destroyed.
You hit the spectral orc knight. You slash Nergalle! You slash the blink frog!
You hit the spectral orc warlord but do no damage.
The spectral orc knight hits you with a +0 battleaxe!
You die...

#................
..###...................
..###.##..............$.
..##P.###...............
#..#...##...............
##......................
##.##..................
#######........Z........
#...##..........@o......
.#..(..........ZZF......
#................%......
#.#.....................
.##.....................
###.....................
.##.....................
#......................P
##......................


You could see Nergalle, 2 spectral orc knights, a spectral orc warlord
(summoned) and a blink frog.

Vanquished Creatures
  A two-headed ogre (D:8)
  A manticore (D:8)
  3 cyclopes (D:8)
  A troll (D:8)
  3 blink frogs (Lair:1)
  A wraith (Ossuary)
  7 yaks
  A wyvern (D:5)
  3 basilisks
  2 steam dragons
  An acid dragon (D:7)
  4 water moccasins
  2 sky beasts
  3 orc warriors
  5 ice beasts
  4 black bears
  An ogre (D:5)
  4 wolves (D:8)
  2 phantoms
  A centaur (D:8)
  4 kobold brigands
  Blork the orc (D:4)
  7 bullfrogs
  An elf zombie (Ossuary)
  2 gnoll sergeants (D:8)
  5 scorpions
  4 wights
  3 howler monkeys (D:8)
  4 electric eels (D:8)
  5 hounds
  10 jellies
  6 orc priests
  8 iguanas
  Ijyb (D:4)
  Terence (D:2)
  9 orc wizards
  A sleepcap (D:8)
  3 mummies (Ossuary)
  9 adders
  11 gnolls
  6 river rats (Sewer)
  2 shadow imps
  4 white imps
  2 worms (D:4)
  6 dart slugs
  22 orcs
  12 ball pythons
  20 endoplasms
  5 giant cockroaches
  7 goblins
  7 hobgoblins
  7 jackals
  31 kobolds
  5 quokkas
  11 bats
  6 frilled lizards
  3 goblin zombies (Ossuary)
  3 hobgoblin zombies (Ossuary)
  4 kobold zombies (Ossuary)
  23 rats
331 creatures vanquished.

Notes
Turn   | Place    | Note
-------+----------+-------------------------------------------
     0 | D:1      | qw the Gargoyle Fighter began the quest for the Orb.
     0 | D:1      | Reached XP level 1. HP: 14/14 MP: 1/1
     0 | D:1      | 0 ||| qw: Version: 0.2-a-102-g2b76a06
     0 | D:1      | 0 ||| qw: Game counter: 390
     0 | D:1      | 0 ||| qw: Always use a shield: true
     0 | D:1      | 0 ||| qw: God list: Okawaru
     0 | D:1      | 0 ||| qw: Allow faded altars: false
     0 | D:1      | 0 ||| qw: Do Orc after D:15 true
     0 | D:1      | 0 ||| qw: Do second Lair branch before Depths: true
     0 | D:1      | 0 ||| qw: Lair rune preference: random
     0 | D:1      | 0 ||| qw: Plans: Normal, Zot:1-4, Slime:5, God:TSO, Crypt,
                  | Tomb, Pan, Hells, Abyss, Win
     0 | D:1      | 0 ||| PLANNING D:1-11
    99 | D:1      | 99 ||| Stepping ~*~*~tactically~*~*~ (stealth).
   106 | D:1      | Reached skill level 2 in Axes
   132 | D:1      | Reached XP level 2. HP: 19/19 MP: 2/2
   155 | D:1      | 155 ||| Stepping ~*~*~tactically~*~*~ (stealth).
   165 | D:1      | 165 ||| FLEEEEING.
   262 | D:1      | Reached skill level 3 in Axes
   279 | D:1      | 279 ||| Stepping ~*~*~tactically~*~*~ (hiding).
   281 | D:1      | 281 ||| Stepping ~*~*~tactically~*~*~ (stealth).
   291 | D:1      | Reached XP level 3. HP: 17/23 MP: 3/3
   506 | D:1      | 506 ||| Stepping ~*~*~tactically~*~*~ (hiding).
   526 | D:1      | 526 ||| Stepping ~*~*~tactically~*~*~ (stealth).
   527 | D:1      | 527 ||| Stepping ~*~*~tactically~*~*~ (stealth).
   649 | D:1      | 649 ||| UPGRADING to +4 ring of protection.
   650 | D:1      | 650 ||| READING scroll labelled JOOLECV JOVU.
   671 | D:2      | Found a radiant altar of Vehumet.
   699 | D:2      | Found a faded altar of an unknown god.
   715 | D:2      | Reached XP level 4. HP: 28/28 MP: 4/4
   866 | D:2      | Reached skill level 4 in Axes
   888 | D:2      | 888 ||| Stepping ~*~*~tactically~*~*~ (hiding).
   889 | D:2      | 889 ||| Stepping ~*~*~tactically~*~*~ (hiding).
   891 | D:2      | 891 ||| Stepping ~*~*~tactically~*~*~ (hiding).
   966 | D:2      | 966 ||| DROPPING +0 mace.
  1094 | D:2      | Noticed Terence
  1095 | D:2      | 1095 ||| Stepping ~*~*~tactically~*~*~ (stealth).
  1098 | D:2      | 1098 ||| Stepping ~*~*~tactically~*~*~ (stealth).
  1107 | D:2      | Killed Terence
  1108 | D:2      | Reached XP level 5. HP: 13/32 MP: 5/5
  1416 | D:2      | 1416 ||| UPGRADING to +0 chain mail.
  1426 | D:2      | 1426 ||| DROPPING +0 scale mail.
  1427 | D:2      | 1427 ||| READING 3 scrolls labelled QUWIUNUYPN.
  1431 | D:2      | 1431 ||| READING 2 scrolls labelled PAISSIRENI.
  1432 | D:2      | 1432 ||| DROPPING scroll of immolation.
  1470 | D:3      | Reached skill level 5 in Axes
  1670 | D:3      | You fall into a shaft and drop 1 floor!
  1670 | D:4      | Found a glowing drain.
  1671 | D:4      | 1671 ||| PLANNING SEWER
  1671 | D:4      | 1671 ||| UPGRADING to amulet of faith.
  1699 | D:4      | Noticed Blork the orc
  1699 | D:4      | Noticed a phantom
  1701 | D:4      | 1701 ||| Stepping ~*~*~tactically~*~*~ (water).
  1708 | D:4      | Killed Blork the orc
  1709 | D:4      | Reached XP level 6. HP: 28/39 MP: 6/6
  1741 | D:4      | 1741 ||| Stepping ~*~*~tactically~*~*~ (stealth).
  1743 | D:4      | 1743 ||| Stepping ~*~*~tactically~*~*~ (stealth).
  1823 | Sewer    | Entered a sewer
  1884 | Sewer    | Reached skill level 6 in Axes
  1884 | Sewer    | Reached XP level 7. HP: 26/44 MP: 7/7
  2135 | Sewer    | Reached skill level 1 in Dodging
  2143 | Sewer    | 2143 ||| Stepping ~*~*~tactically~*~*~ (water).
  2385 | Sewer    | 2385 ||| Stepping ~*~*~tactically~*~*~ (stealth).
  2388 | Sewer    | 2388 ||| Stepping ~*~*~tactically~*~*~ (stealth).
  2564 | Sewer    | 2564 ||| READING scroll labelled JEBLUU XAOSUEL.
  2565 | Sewer    | 2565 ||| READING scroll labelled LUEPSODEENN.
  2566 | Sewer    | 2566 ||| DRINKING 2 purple potions.
  2567 | Sewer    | 2567 ||| DRINKING 2 sapphire potions.
  2568 | Sewer    | 2568 ||| DROPPING potion of invisibility.
  2603 | D:4      | 2603 ||| PLANNING D:1-11
  2667 | D:3      | Reached skill level 7 in Axes
  2809 | D:3      | 2809 ||| Stepping ~*~*~tactically~*~*~ (stealth).
  2920 | D:3      | 2920 ||| FLEEEEING.
  2921 | D:3      | 2921 ||| FLEEEEING.
  3004 | D:3      | 3004 ||| READING scroll labelled OKIEFFOSEEGG.
  3113 | D:4      | Noticed Ijyb
  3138 | D:4      | Killed Ijyb
  3169 | D:4      | 3169 ||| Stepping ~*~*~tactically~*~*~ (hiding).
  3171 | D:4      | 3171 ||| Stepping ~*~*~tactically~*~*~ (hiding).
  3174 | D:4      | 3174 ||| Stepping ~*~*~tactically~*~*~ (stealth).
  3212 | D:4      | 3212 ||| Stepping ~*~*~tactically~*~*~ (stealth).
  3213 | D:4      | 3213 ||| Stepping ~*~*~tactically~*~*~ (stealth).
  3214 | D:4      | 3214 ||| Stepping ~*~*~tactically~*~*~ (stealth).
  3272 | D:4      | Found a runed translucent door.
  3278 | D:4      | Noticed qw's ghost (amateur GrFi)
  3417 | D:4      | Found Temp's Antique Weapon Shop.
  3427 | D:4      | Found Jygah's General Store.
  3427 | D:4      | Found Rekhoy's Assorted Antiques.
  3429 | D:4      | Found Elamipta's Antique Armour Shoppe.
  3435 | D:4      | 3435 ||| BUYING scroll of identify (26 gold).
  3435 | D:4      | Bought a scroll of identify for 26 gold pieces
  3455 | D:4      | 3455 ||| BUYING cloak (108 gold).
  3455 | D:4      | Bought a cloak for 108 gold pieces
  3455 | D:4      | 3455 ||| SHOPLISTING glowing ring mail (168 gold, have 5).
  3455 | D:4      | 3455 ||| SHOPLISTING glowing scarf (192 gold, have 5).
  3455 | D:4      | 3455 ||| SHOPLISTING pair of gloves (108 gold, have 5).
  3457 | D:4      | 3457 ||| SHOPLISTING 2 clear potions (41 gold, have 5).
  3457 | D:4      | 3457 ||| SHOPLISTING clear potion (20 gold, have 5).
  3457 | D:4      | 3457 ||| SHOPLISTING notched jade ring (115 gold, have 5).
  3457 | D:4      | 3457 ||| SHOPLISTING pair of boots (103 gold, have 5).
  3683 | D:4      | 3683 ||| UPGRADING to +0 helmet.
  3688 | D:4      | 3688 ||| UPGRADING to +0 cloak.
  3693 | D:4      | 3693 ||| READING scroll labelled DEUFAZX SEOCS.
  3694 | D:4      | 3694 ||| READING scroll labelled SYBEGO XEYXULU.
  3715 | D:5      | Entered Level 5 of the Dungeon
  3716 | D:5      | 3716 ||| PLANNING OSSUARY
  3724 | D:5      | 3724 ||| STAIRDANCE
  3727 | D:4      | Reached XP level 8. HP: 31/49 MP: 8/8
  3885 | D:5      | Noticed a wyvern
  3886 | D:5      | 3886 ||| FLEEEEING.
  3894 | D:5      | 3894 ||| STAIRDANCE
  3963 | D:4      | 3963 ||| DRINKING 2 amethyst potions.
  3964 | D:4      | 3964 ||| DROPPING potion of flight.
  4016 | D:5      | 4016 ||| Stepping ~*~*~tactically~*~*~ (stealth).
  4017 | D:5      | 4017 ||| Stepping ~*~*~tactically~*~*~ (stealth).
  4017 | D:5      | Found a sand-covered staircase.
  4018 | D:5      | 4018 ||| Stepping ~*~*~tactically~*~*~ (stealth).
  4024 | D:5      | Killed a wyvern
  4025 | D:5      | Reached skill level 8 in Axes
  4034 | Ossuary  | Entered an ossuary
  4034 | Ossuary  | Noticed a wraith
  4034 | Ossuary  | Noticed a wraith
  4034 | Ossuary  | Noticed a wraith
  4197 | Ossuary  | Noticed a wraith
  4207 | Ossuary  | Killed a wraith
  4273 | Ossuary  | 4273 ||| READING scroll of brand weapon.
  4273 | Ossuary  | 4273 ||| BRANDING +0 war axe of freezing.
  4448 | Ossuary  | Reached skill level 6 in Fighting
  4479 | Ossuary  | 4479 ||| DRINKING 3 clear potions.
  4480 | Ossuary  | 4480 ||| DRINKING 2 fizzy pink potions.
  4505 | Ossuary  | 4505 ||| READING 3 scrolls of identify.
  4505 | Ossuary  | 4505 ||| IDENTIFYING bubbling golden potion
  4506 | Ossuary  | 4506 ||| READING 2 scrolls of identify.
  4506 | Ossuary  | 4506 ||| IDENTIFYING viscous white potion
  4507 | Ossuary  | 4507 ||| DROPPING potion of berserk rage.
  4524 | D:5      | 4524 ||| PLANNING D:1-11
  4555 | D:5      | Found Gupa's Weapon Shoppe.
  4694 | D:5      | 4694 ||| Stepping ~*~*~tactically~*~*~ (hiding).
  4695 | D:5      | 4695 ||| Stepping ~*~*~tactically~*~*~ (hiding).
  4698 | D:5      | 4698 ||| Stepping ~*~*~tactically~*~*~ (hiding).
  4700 | D:5      | 4700 ||| Stepping ~*~*~tactically~*~*~ (hiding).
  4866 | D:5      | 4866 ||| Stepping ~*~*~tactically~*~*~ (stealth).
  5093 | D:5      | 5093 ||| UPGRADING to ring of protection from fire.
  5094 | D:5      | 5094 ||| UPGRADING to ring of see invisible.
  5096 | D:5      | 5096 ||| READING scroll labelled CIQAIS BOCAHUS.
  5197 | D:5      | 5197 ||| READING scroll labelled LEHUGRA IKAUD.
  5227 | D:6      | Reached skill level 9 in Axes
  5295 | D:6      | Reached XP level 9. HP: 37/55 MP: 9/9
  5384 | D:6      | 5384 ||| DROPPING +0 flail.
  5416 | D:6      | Noticed an oklob plant
  5438 | D:6      | HP: 14/56 [acid (8)]
  5439 | D:6      | 5439 ||| READING 3 scrolls of teleportation.
  5440 | D:6      | 5440 ||| DRINKING 3 potions of heal wounds.
  5521 | D:6      | Found a staircase to the Ecumenical Temple.
  5522 | D:6      | 5522 ||| PLANNING TEMPLE
  5530 | D:6      | 5530 ||| Stepping ~*~*~tactically~*~*~ (hiding).
  5540 | D:6      | 5540 ||| Stepping ~*~*~tactically~*~*~ (hiding).
  5641 | Temple   | Entered the Ecumenical Temple
  5657 | Temple   | 5657 ||| PLANNING OKAWARU WORSHIP
  5852 | Temple   | Became a worshipper of Warmaster Okawaru
  5852 | Temple   | 5852 ||| PLANNING D:1-11
  6001 | D:6      | Reached skill level 1 in Throwing
  6058 | D:6      | 6058 ||| Stepping ~*~*~tactically~*~*~ (stealth).
  6059 | D:6      | 6059 ||| Stepping ~*~*~tactically~*~*~ (stealth).
  6073 | D:6      | 6073 ||| Stepping ~*~*~tactically~*~*~ (stealth).
  6114 | D:6      | 6114 ||| Stepping ~*~*~tactically~*~*~ (hiding).
  6165 | D:6      | 6165 ||| Stepping ~*~*~tactically~*~*~ (stealth).
  6210 | D:6      | 6210 ||| Stepping ~*~*~tactically~*~*~ (stealth).
  6228 | D:6      | 6228 ||| Stepping ~*~*~tactically~*~*~ (hiding).
  6231 | D:6      | 6231 ||| Stepping ~*~*~tactically~*~*~ (hiding).
  6232 | D:6      | 6232 ||| Stepping ~*~*~tactically~*~*~ (hiding).
  6246 | D:6      | 6246 ||| Stepping ~*~*~tactically~*~*~ (stealth).
  6334 | D:6      | Found a stormy altar of Qazlal.
  6400 | D:6      | 6400 ||| Stepping ~*~*~tactically~*~*~ (stealth).
  6402 | D:6      | 6402 ||| Stepping ~*~*~tactically~*~*~ (stealth).
  6436 | D:6      | 6436 ||| Stepping ~*~*~tactically~*~*~ (stealth).
  6453 | D:6      | 6453 ||| READING 3 scrolls of teleportation.
  6458 | D:6      | 6458 ||| READING 2 scrolls of teleportation.
  6611 | D:6      | 6611 ||| Stepping ~*~*~tactically~*~*~ (stealth).
  6612 | D:6      | 6612 ||| Stepping ~*~*~tactically~*~*~ (stealth).
  6614 | D:6      | 6614 ||| Stepping ~*~*~tactically~*~*~ (stealth).
  6615 | D:6      | 6615 ||| Stepping ~*~*~tactically~*~*~ (stealth).
  6648 | D:6      | 6648 ||| FLEEEEING.
  6730 | D:6      | 6730 ||| FLEEEEING.
  6785 | D:6      | HP: 10/57 [oklob plant/splash of acid (6)]
  6786 | D:6      | 6786 ||| READING scroll of teleportation.
  6787 | D:6      | 6787 ||| DRINKING 2 potions of heal wounds.
  6789 | D:6      | 6789 ||| DRINKING potion of heal wounds.
  6974 | D:6      | 6974 ||| UPGRADING to +0 plate armour.
  6984 | D:6      | 6984 ||| DROPPING +0 chain mail.
  6985 | D:6      | 6985 ||| DROPPING orb of guile.
  6986 | D:6      | 6986 ||| READING 2 scrolls labelled LIT WACEOCIARCH.
  6987 | D:6      | 6987 ||| READING 3 scrolls of identify.
  6987 | D:6      | 6987 ||| IDENTIFYING inky potion
  6988 | D:6      | 6988 ||| READING 2 scrolls of identify.
  6988 | D:6      | 6988 ||| IDENTIFYING black potion
  6989 | D:6      | 6989 ||| DROPPING potion of ambrosia.
  6990 | D:6      | 6990 ||| DROPPING scroll of poison.
  7041 | D:7      | Reached * piety under Okawaru
  7042 | D:7      | Reached skill level 6 in Armour
  7113 | D:7      | Reached skill level 1 in Invocations
  7265 | D:7      | 7265 ||| FLEEEEING.
  7266 | D:7      | 7266 ||| FLEEEEING.
  7267 | D:7      | 7267 ||| FLEEEEING.
  7268 | D:7      | 7268 ||| FLEEEEING.
  7276 | D:7      | 7276 ||| INVOKING Heroism.
  7441 | D:7      | Found a runed translucent door.
  7442 | D:7      | Noticed Crazy Yiuf
  7591 | D:7      | Reached skill level 10 in Axes
  7591 | D:7      | Reached skill level 3 in Invocations
  7591 | D:7      | Reached XP level 10. HP: 62/63 MP: 12/12
  7786 | D:7      | Found a sacrificial altar of Ru.
  7998 | D:8      | 7998 ||| INVOKING Heroism.
  8182 | D:8      | 8182 ||| INVOKING Heroism.
  8193 | D:8      | Reached ** piety under Okawaru
  8214 | D:8      | 8214 ||| INVOKING Heroism.
  8226 | D:8      | HP: 12/64 [troll (8)]
  8227 | D:8      | 8227 ||| READING scroll of teleportation.
  8227 | D:8      | HP: 5/64 [troll (4)]
  8238 | D:8      | 8238 ||| FLEEEEING.
  8238 | D:8      | Found a staircase to the Lair.
  8239 | D:8      | 8239 ||| FLEEEEING.
  8240 | D:8      | 8240 ||| FLEEEEING.
  8242 | D:8      | 8242 ||| STAIRDANCE
  8525 | D:8      | 8525 ||| INVOKING Heroism.
  8527 | D:8      | 8527 ||| Stepping ~*~*~tactically~*~*~ (stealth).
  8528 | D:8      | 8528 ||| Stepping ~*~*~tactically~*~*~ (stealth).
  8559 | D:8      | 8559 ||| Stepping ~*~*~tactically~*~*~ (stealth).
  8561 | D:8      | 8561 ||| Stepping ~*~*~tactically~*~*~ (hiding).
  8585 | D:8      | 8585 ||| INVOKING Heroism.
  8670 | D:8      | Noticed a two-headed ogre
  8671 | D:8      | 8671 ||| INVOKING Heroism.
  8680 | D:8      | Killed a two-headed ogre
  8723 | D:8      | Reached skill level 11 in Axes
  8770 | D:8      | 8770 ||| Stepping ~*~*~tactically~*~*~ (hiding).
  8812 | D:8      | 8812 ||| INVOKING Heroism.
  8862 | D:8      | 8862 ||| Stepping ~*~*~tactically~*~*~ (hiding).
  8864 | D:8      | 8864 ||| Stepping ~*~*~tactically~*~*~ (hiding).
  8909 | D:8      | 8909 ||| Stepping ~*~*~tactically~*~*~ (stealth).
  8939 | D:8      | 8939 ||| READING scroll labelled BUHAGU HUPLEA.
  8940 | D:8      | Noticed a cyclops
  8941 | D:8      | 8941 ||| Stepping ~*~*~tactically~*~*~ (hiding).
  8945 | D:8      | 8945 ||| INVOKING Heroism.
  8953 | D:8      | Killed a cyclops
  8954 | D:8      | Reached skill level 9 in Fighting
  8986 | D:8      | Noticed a manticore
  8987 | D:8      | 8987 ||| FLEEEEING.
  8998 | D:8      | 8998 ||| FLEEEEING.
  9041 | D:8      | 9041 ||| Stepping ~*~*~tactically~*~*~ (hiding).
  9046 | D:8      | 9046 ||| INVOKING Heroism.
  9046 | D:8      | Noticed a cyclops
  9054 | D:8      | 9054 ||| Stepping ~*~*~tactically~*~*~ (hiding).
  9074 | D:8      | 9074 ||| INVOKING Heroism.
  9075 | D:8      | Killed a manticore
  9075 | D:8      | Reached *** piety under Okawaru
  9076 | D:8      | Reached XP level 11. HP: 42/71 MP: 11/14
  9085 | D:8      | Killed a cyclops
  9141 | D:8      | 9141 ||| INVOKING Heroism.
  9190 | D:8      | 9190 ||| INVOKING Heroism.
  9219 | D:8      | Noticed a cyclops
  9220 | D:8      | 9220 ||| INVOKING Heroism.
  9234 | D:8      | Killed a cyclops
  9377 | D:8      | Identified the amulet "Kuanits" {Rampage rElec Will++
                  | Regen+ Dex-3}
  9594 | D:8      | 9594 ||| Stepping ~*~*~tactically~*~*~ (stealth).
  9605 | D:8      | 9605 ||| INVOKING Heroism.
  9723 | D:8      | 9723 ||| INVOKING Heroism.
  9742 | D:8      | 9742 ||| INVOKING Heroism.
  9744 | D:8      | 9744 ||| Stepping ~*~*~tactically~*~*~ (water).
 10067 | D:8      | 10067 ||| PLANNING LAIR
 10067 | D:8      | 10067 ||| DROPPING amulet of the acrobat.
 10068 | D:8      | 10068 ||| DROPPING +4 ring of slaying {mikee}.
 10069 | D:8      | 10069 ||| UPGRADING to +5 ring of evasion.
 10071 | D:8      | 10071 ||| READING 2 scrolls of identify.
 10071 | D:8      | 10071 ||| IDENTIFYING viscous coppery potion
 10089 | Lair:1   | Entered Level 1 of the Lair of Beasts
 10180 | Lair:1   | 10180 ||| INVOKING Heroism.
 10186 | Lair:1   | Reached skill level 12 in Axes
 10188 | Lair:1   | Reached **** piety under Okawaru
 10311 | Lair:1   | 10311 ||| INVOKING Heroism.
 10372 | Lair:1   | 10372 ||| INVOKING Heroism.
 10404 | Lair:1   | Noticed Prince Ribbit
 10405 | Lair:1   | 10405 ||| Stepping ~*~*~tactically~*~*~ (stealth).
 10483 | Lair:1   | 10483 ||| DROPPING ring of fire.
 10668 | Lair:1   | 10668 ||| INVOKING Heroism.
 10672 | Lair:1   | Noticed Nergalle
 10677 | Lair:1   | Reached skill level 6 in Shields
 10678 | Lair:1   | Noticed a spectral orc warlord
 10698 | Lair:1   | 10698 ||| INVOKING Heroism.
 10698 | Lair:1   | HP: 16/71 [spectral orc knight/+0 battleaxe[Nergalle] (6)]
 10699 | Lair:1   | 10699 ||| READING 2 scrolls of teleportation.
 10699 | Lair:1   | HP: 6/69 [Nergalle/bolt of negative energy (10)]
 10700 | Lair:1   | Slain by a spectral orc knight

Levels and vault maps discovered:
D:1:      giann_bridges, layout_basic
D:2:      layout_loops_ring, basic_altar,
          hellmonk_ecumenical_altar_slurped_away, uniq_terence
D:3:      layout_loops_ring, kennysheep_potato
D:4:      layout_rooms, cheibrodos_sewer_entry_drain,
          ebering_ghost_reflecting_pool, wad_woods_river_04,
          nicolae_wooded_promenade, minivault_26, uniq_ijyb, uniq_blork_the_orc
D:5:      layout_cave_pools, serial_shops, shop, nicolae_ossuary_entry_ruins,
          st_stairs_7
D:6:      lemuel_slime, layout_gridville, grunt_qazlal_sundering,
          minmay_temple_entry_statues_pillars
D:7:      layout_cave_pods, nicolae_ru_path_of_blood, minmay_misc_feat_room,
          wad_floor_pattern_untrapped, uniq_crazy_yiuf_cottage
D:8:      minmay_the_grid_triangle_9x9_rhombus_full
          [minmay_the_grid_triangle_9x9_cache,
          minmay_the_grid_triangle_9x9_thin_v,
          minmay_the_grid_triangle_9x9_sparse_checkered,
          minmay_the_grid_triangle_9x9_flanged_cone,
          minmay_the_grid_triangle_9x9_negative_grid,
          minmay_the_grid_triangle_9x9_warning,
          minmay_the_grid_triangle_9x9_limited_checkers,
          minmay_the_grid_triangle_9x9_prize_insulated], layout_basic,
          erik_lair_island, grunt_ministairs_3,
          hangedman_abyss_or_decor_lesser_grid, minmay_misc_feat_tower
Temple:   nicolae_temple_bog_church
Lair:1:   gammafunk_worm_tunnel, layout_cave_shapes, disabler_island,
          uniq_prince_ribbit2, uniq_nergalle

Skill      XL: |  1  2  3  4  5  6  7  8  9 10 11 |
---------------+----------------------------------+-----
Axes           | 2 3 4 5 6 7 9 10 11 12 | 12.0
Fighting       | 4 5 6 7 9 |  9.0
Dodging        | 1 2 |  2.0
Armour         | 4 6 7 8 |  8.7
Shields        | 4 5 6 |  6.1
Throwing       | 1 |  1.3
Invocations    | 3 4 |  4.2

Action                     |  1- 3 |  4- 6 |  7- 9 | 10-12 || total
---------------------------+-------+-------+-------+-------++-------
  Melee: War axe           |    93 |   116 |   506 |   445 ||  1160
  Throw: Boomerang         |       |       |    17 |       ||    17
 Invoke: Heroism           |       |       |     1 |    21 ||    22
    Use: Scroll            |     1 |     2 |    17 |     4 ||    24
         Potion            |       |       |     8 |       ||     8
 Armour: Scale mail        |    44 |    30 |       |       ||    74
         Chain mail        |       |    57 |   256 |       ||   313
         Plate armour      |       |       |    54 |   322 ||   376
  Dodge: Dodged            |    47 |    65 |   165 |   188 ||   465
  Block: Buckler           |    26 |    26 |    78 |   114 ||   244

Table legend:
 A = Non-vault XP
 B = Vault XP
 C = Vault XP percentage of total XP
 D = Non-vault monster count
 E = Vault monster count
 F = Vault count percentage of total count
                 A         B        C        D         E       F
            +---------+---------+-------+---------+---------+-------
      Total |    8164 |    7005 |  46.2 |     198 |     133 |  40.2
            +---------+---------+-------+---------+---------+-------
        D:1 |      67 |       0 |   0.0 |      33 |       0 |   0.0
        D:2 |     103 |      38 |  27.0 |      17 |       2 |  10.5
        D:3 |     165 |      13 |   7.3 |      18 |       1 |   5.3
        D:4 |     435 |     148 |  25.4 |      21 |       6 |  22.2
        D:5 |     544 |      79 |  12.7 |       9 |       1 |  10.0
        D:6 |    1225 |     286 |  18.9 |      20 |      21 |  51.2
        D:7 |    1247 |       0 |   0.0 |      22 |       0 |   0.0
        D:8 |    1348 |    5570 |  80.5 |      40 |      35 |  46.7
     Lair:1 |    3030 |     270 |   8.2 |      18 |       1 |   5.3
      Sewer |       0 |     247 | 100.0 |       0 |      51 | 100.0
    Ossuary |       0 |     354 | 100.0 |       0 |      15 | 100.0
            +---------+---------+-------+---------+---------+-------
